 Dungeon Crawl Stone Soup version 0.24-a0-388-gb57f36d6e0 (webtiles) character file.

Game seed: 11252759662731128435

490 BorisKarlOrff the Poker (level 6, 0/56 HPs)
             Began as a Minotaur Chaos Knight on June 4, 2019.
             Was a Plaything of Xom.
             Slain by a centaur
             ... wielding a +0 short sword
              (3 damage)
             ... on level 5 of the Dungeon.
             The game lasted 00:06:17 (2418 turns).

BorisKarlOrff the Poker (Minotaur Chaos Knight)     Turns: 2418, Time: 00:06:18

Health: 0/56       AC:  7    Str: 17    XL:     6   Next: 90%
Magic:  5/5        EV: 13    Int:  9    God:    Xom [..*...]
Gold:   140        SH:  0    Dex: 11    Spells: 5/5 levels left

rFire    + . .     SeeInvis .   l - +2 flail (crush)
rCold    + . .     Gourm    .   (no shield)
rNeg     . . .     Faith    .   b - +3 leather armour
rPois    .         Spirit   .   (helmet restricted)
rElec    .         Reflect  .   g - scarf {rC+ rF+}
rCorr    .         Harm     .   h - +0 pair of gloves
MR       .....                  (no boots)
Stlth    +.........             (no amulet)
HPRegen  0.18/turn              (no ring)
MPRegen  0.09/turn              (no ring)

@: liquefying, slowed movement, very slow
A: retaliatory headbutt, horns 2
a: Renounce Religion


You were on level 5 of the Dungeon.
You worshipped Xom.
You were a toy of Xom.
You were not hungry.

You visited 1 branch of the dungeon, and saw 4 of its levels.

You collected 140 gold pieces.

Inventory:

Hand Weapons
 a - a +0 spear of chaos
 l - a +2 flail of crushing (weapon)
Armour
 b - a +3 leather armour (worn)
 g - a scarf of resistance (worn)
 h - a +0 pair of gloves (worn)
Wands
 i - a wand of polymorph (5)
 k - a wand of paralysis (11)
Scrolls
 e - a scroll of enchant armour
 m - a scroll of remove curse {unknown}
Potions
 d - a potion of curing
 j - a potion of agility
Comestibles
 c - 3 rations


   Skills:
 + Level 5.1 Fighting
 + Level 2.6 Maces & Flails
 + Level 5.9 Polearms
 + Level 4.3 Armour
 + Level 3.5 Dodging
 + Level 1.0 Stealth


You had 5 spell levels left.
You didn't know any spells.
Your spell library was empty.

Dungeon Overview and Level Annotations

Branches:
Dungeon (3/15)

Altars:
Hepliaklqana
Kikubaaqudgha
Nemelex Xobeh
Qazlal

Annotations:
D:3 Terence


Innate Abilities, Weirdness & Mutations

You reflexively headbutt those who attack you in melee.
You have a pair of horns on your head.


Message History

The arrow barely misses you.
Items here: ( )))) [[ รทรทรทรท The worker ant bites you.
You sock the worker ant!
The worker ant is heavily wounded.
The worker ant bites you.
The centaur shoots an arrow.
The arrow hits you. The worker ant misses you.
You sock the worker ant!
You kill the worker ant!
Xom guffaws.
The ground around you becomes liquefied!
The centaur shoots an arrow.
The arrow hits you!
The centaur shoots an arrow.
The arrow hits you!
* * * LOW HITPOINT WARNING * * *
You feel better.
The centaur shoots an arrow.
The arrow hits you!
* * * LOW HITPOINT WARNING * * *
The centaur unwields a +0 shortbow.
The centaur wields a +0 short sword.
The centaur hits you with a +0 short sword.
You die...
Xom roars with laughter!

#..####..###.# #.
#.?......# ### ##
#..####..# #...#
#..# #...# #..#
#...#....< #
#..........
#.####..#.......
#..(@c..#...$....
#######.# ..[.
....... .#.....
##.... ... ...


You could see a centaur.

Vanquished Creatures
  A bullfrog (D:2)
  An orc priest (D:3)
  A centaur zombie (D:5)
  A hound (D:3)
  2 orc wizards
  A centaur skeleton (D:5)
  A worker ant (D:5)
  Natasha (thrice) (D:2)
  3 gnolls (D:2)
  5 adders (D:2)
  An adder zombie (D:5)
  A worm (D:2)
  A dart slug (D:2)
  A leopard gecko (D:2)
  8 orcs
  3 giant cockroaches
  3 goblins (D:1)
  4 hobgoblins
  13 jackals
  6 kobolds
  2 ball pythons (D:1)
  5 bats
  4 frilled lizards
  A jackal skeleton (D:2)
  A leopard gecko skeleton (D:5)
  6 rats
  2 plants (D:1)
81 creatures vanquished.

Notes
Turn   | Place    | Note
-------+----------+-------------------------------------------
     0 | D:1      | BorisKarlOrff the Minotaur Chaos Knight began the quest for
                  | the Orb.
     0 | D:1      | Reached XP level 1. HP: 19/19 MP: 0/0
   201 | D:1      | Reached XP level 2. HP: 17/27 MP: 1/1
   297 | D:1      | XOM: potion effect (curing)
   583 | D:1      | XOM: mild Tloc miscast
   584 | D:1      | Noticed a spatial vortex
   870 | D:2      | Found a sparkling altar of Nemelex Xobeh.
   902 | D:2      | Found an ancient bone altar of Kikubaaqudgha.
   923 | D:2      | Reached XP level 3. HP: 25/33 MP: 2/2
   983 | D:2      | XOM: divination: detect creatures
  1017 | D:2      | Reached XP level 4. HP: 24/40 MP: 3/3
  1087 | D:2      | XOM: mild Summ miscast
  1188 | D:2      | XOM: harmless Erth miscast
  1255 | D:2      | Noticed Natasha
  1255 | D:2      | XOM: mild Chrm miscast
  1256 | D:2      | Killed Natasha
  1256 | D:2      | Reached skill level 5 in Polearms
  1321 | D:2      | XOM: divination: detect creatures
  1332 | D:2      | XOM: silly message
  1348 | D:2      | Reached XP level 5. HP: 17/47 MP: 4/4
  1353 | D:2      | Found a hazy altar of Hepliaklqana.
  1487 | D:2      | XOM: harmless Erth miscast
  1568 | D:2      | XOM: harmless Pois miscast
  1682 | D:3      | Noticed Terence
  1716 | D:2      | Noticed Natasha
  1722 | D:2      | Killed Natasha
  1731 | D:2      | Noticed Natasha
  1735 | D:2      | Killed Natasha
  1735 | D:2      | Reached XP level 6. HP: 26/53 MP: 5/5
  1737 | D:2      | XOM: silly message
  1769 | D:3      | Reached skill level 1 in Maces & Flails
  1774 | D:3      | XOM: divination: detect items
  2078 | D:3      | XOM: mild Conj miscast
  2095 | D:3      | Found a stormy altar of Qazlal.
  2097 | D:3      | You fall into a shaft and drop 2 floors!
  2097 | D:5      | Entered Level 5 of the Dungeon
  2116 | D:5      | Reached skill level 1 in Stealth
  2139 | D:5      | Reached skill level 5 in Fighting
  2183 | D:5      | HP: 2/56 [poisoned by an orc]
  2416 | D:5      | XOM: cast spell 'Leda's Liquefaction'
  2417 | D:5      | HP: 2/56 [centaur/arrow (11)]
  2418 | D:5      | Slain by a centaur

Levels and vault maps discovered:
D:1:      minmay_arrival_hallway, layout_basic, hex_large, moated_statue,
          minmay_shallow_snake_nest
D:2:      layout_basic, marbit_many_paths, lemuel_crystal_altar,
          overflow_temple_1_default, uniq_natasha
D:3:      layout_rooms, nicolae_qazlal_eye_of_the_storm, vehumet_crystals,
          dancing_weapons_uskayaw, first_ration, uniq_terence
D:5:      layout_basic, fedhas_ov_isle_minmay, lemuel_blue_sif_altar,
          kennysheep_mini_moat, minmay_temple_entry_waves

Skill      XL: |  1  2  3  4  5  6 |
---------------+-------------------+-----
Polearms       | 4 5 |  5.9
Fighting       | 4 5 |  5.1
Armour         | 3 4 |  4.3
Dodging        | 2 3 |  3.5
Maces & Flails | 2 |  2.6
Stealth        | 1 |  1.0

Action                   |  1- 3 |  4- 6 || total
-------------------------+-------+-------++-------
Melee: Spear             |   115 |    33 ||   148
       Headbutt          |    24 |    25 ||    49
       Flail             |       |    79 ||    79
  Use: Scroll            |     4 |       ||     4
       Potion            |       |     4 ||     4
 Stab: Paralysed         |     1 |       ||     1
  Eat: Ration            |       |     2 ||     2
Armor: Leather armour    |    52 |    37 ||    89
Dodge: Dodged            |    74 |    79 ||   153

Table legend:
 A = Non-vault XP
 B = Vault XP
 C = Vault XP percentage of total XP
 D = Non-vault monster count
 E = Vault monster count
 F = Vault count percentage of total count
                 A         B        C        D         E       F
            +---------+---------+-------+---------+---------+-------
      Total |     663 |      37 |   5.3 |      75 |       4 |   5.1
            +---------+---------+-------+---------+---------+-------
        D:1 |      35 |       3 |   7.9 |      22 |       2 |   8.3
        D:2 |     334 |      34 |   9.2 |      28 |       2 |   6.7
        D:3 |     108 |       0 |   0.0 |      11 |       0 |   0.0
        D:5 |     186 |       0 |   0.0 |      14 |       0 |   0.0
            +---------+---------+-------+---------+---------+-------
